 Dungeon Crawl Stone Soup version 0.30-a0-55-g90e3122c3a (webtiles) character file.

Game seed: 13107830573206096691

23 IdlyInterested the Sneak (level 3, 0/28 HPs)
             Began as a Formicid Brigand on Sept 9, 2022.
             Slain by Sigmund
             ... wielding a +0 scythe
              (5 damage)
             ... on level 2 of the Dungeon.
             The game lasted 00:03:09 (1243 turns).

IdlyInterested the Sneak (Formicid Brigand)         Turns: 1243, Time: 00:03:09

Health: 0/28       AC:  4    Str: 15    XL:     3   Next: 10%
Magic:  3/3        EV: 11    Int: 10    God:
Gold:   80         SH:  0    Dex: 17    Spells: 2/2 levels left

rFire   . . .      SeeInvis +    a - +2 dagger
rCold   . . .      Faith    .    (no shield)
rNeg    . . .      Spirit   .    h - +0 leather armour
rPois   .          Reflect  .    (helmet unavailable)
rElec   .          Harm     .    c - +0 cloak
rCorr   .          Rampage  .    (no gloves)
Will    .....                    (no boots)
Stlth   +.........               (no amulet)
HPRegen 0.09/turn                (no ring)
MPRegen 0.08/turn                (no ring)

@: confused
A: permanent stasis, dig shafts and tunnels, antennae 3, four strong arms
a: Dig, Shaft Self


You were on level 2 of the Dungeon.
You visited 1 branch of the dungeon, and saw 2 of its levels.

You collected 80 gold pieces.

Inventory:

Hand Weapons
 a - a +2 dagger (weapon)
 i - a +0 short sword
Missiles
 d - 9 poisoned darts (quivered)
Armour
 b - a +0 robe
 c - a +0 cloak (worn)
 g - a +0 chain mail
 h - a +0 leather armour (worn)
 j - a +0 scale mail
 p - a +0 plate armour
Scrolls
 k - a scroll of amnesia {unknown}
 l - a scroll of brand weapon {unknown}
 m - a scroll of blinking {unknown}
 n - a scroll of vulnerability {unknown}
Potions
 f - 3 potions of curing {unknown}
 o - a potion of mutation {unknown}


   Skills:
 * Level 2.7 Fighting
 * Level 2.4 Short Blades
 - Level 2.0 Throwing
 + Level 0.8 Armour
 - Level 0.8 Dodging
 + Level 5.1 Stealth


You had 2 spell levels left.
You didn't know any spells.
Your spell library was empty.

Dungeon Overview and Level Annotations

Branches:
Dungeon (2/15)

Altars:

Annotations:
D:2 Sigmund


Innate Abilities, Weirdness & Mutations

You cannot be hasted, slowed, berserked, paralysed or teleported.
You can dig through walls and to a lower floor.
You have a pair of large antennae on your head. (SInv)
Your four strong arms can wield two-handed weapons with a shield.


Message History

Sigmund is poisoned.
Sigmund convulses.
Sigmund seems to slow down.
Sigmund is lightly wounded.
Sigmund mumbles some strange words.
Sigmund flickers and vanishes for a moment.
Sigmund misses you.
You barely miss Sigmund.
Sigmund is moderately wounded.
You hit Sigmund but do no damage.
Sigmund is moderately wounded.
You completely miss Sigmund.
Sigmund is moderately wounded.
Sigmund points at you and mumbles some strange words.
You are confused.
You closely miss Sigmund.
Sigmund is moderately wounded.
You're too confused to move!
Sigmund casts a spell at you.
You are more confused.
You closely miss Sigmund.
Sigmund is heavily wounded.
You bump into the rock wall.
Sigmund gestures at you while chanting. The magic dart hits you!
You hit Sigmund.
Sigmund is severely wounded.
Sigmund completely misses you.
Found 8 stones.
Found an escape hatch in the ceiling.
You barely miss Sigmund.
Sigmund is severely wounded.
Sigmund gestures at you while chanting. The puff of flame hits you.
Sigmund looks more healthy.
Sigmund casts a spell at you. The puff of flame hits you.
* * * LOW HITPOINT WARNING * * *
You hit Sigmund.
Sigmund is almost dead.
Sigmund hits you with a +0 scythe.
You die...

... ######..##
###.........
#....)....#
#.#<#####.#
#.#.## .##
#....###...##
##...........<
#....@@.#...#.
#.......# ..#
#......(# (
#......##
#.#...##
#.##### #


You could see Sigmund (invisible, slow).

Vanquished Creatures
  3 ball pythons (D:1)
  2 endoplasms (D:1)
  A giant cockroach (D:1)
  5 goblins
  A hobgoblin (D:1)
  2 quokkas (D:1)
  A frilled lizard (D:1)
  2 kobolds (D:1)
  3 rats (D:1)
  A spectral kobold (D:1)
21 creatures vanquished.

Notes
Turn   | Place    | Note
-------+----------+-------------------------------------------
     0 | D:1      | IdlyInterested the Formicid Brigand began the quest for the
                  | Orb.
     0 | D:1      | Reached XP level 1. HP: 16/16 MP: 1/1
   210 | D:1      | Reached XP level 2. HP: 20/23 MP: 2/2
   429 | D:1      | Reached skill level 5 in Stealth
   717 | D:1      | Found a faded altar of an unknown god.
   805 | D:1      | Reached XP level 3. HP: 28/28 MP: 3/3
  1220 | D:2      | Noticed Sigmund
  1243 | D:2      | Slain by Sigmund

Illustrated notes

Levels and vault maps discovered:
D:1:      sevenhm_arrival_forest_fort_small_6, layout_basic,
          dreamdust_ecumenical_altar_drowned_temple, roderic_roman_lattice,
          grunt_decor_cap, fountainhead, nicolae_kite_square_tiling_tiny,
          chequers_hall_statues_corner_a
D:2:      layout_loops_ring, chequers_serial_rivers_micro_b, uniq_sigmund

Skill      XL: |  1  2 |
---------------+-------+-----
Stealth        | 5 |  5.1
Fighting       | |  2.7
Short Blades   | |  2.4
Throwing       | |  2.0
Armour         | |  0.8
Dodging        | |  0.8

Action                   || total
-------------------------++-------
Melee: Dagger            ||    55
       Punch             ||     1
Throw: Dart              ||     3
 Stab: Sleeping          ||    10
Armor: Leather armour    ||    10
Dodge: Dodged            ||    26

Table legend: (Time is in decaauts)
 A = Elapsed time spent in this place.
 B = Non-inter-level travel time spent in this place.
 C = Inter-level travel time spent in this place.
 D = Time resting spent in this place.
 E = Time spent auto-exploring this place.
 F = Levels seen in this place.
 G = Mean time per level.
                   A        B        C        D        E       F      G
               +--------+--------+--------+--------+--------+-----+--------+
         Total |   1245 |   1178 |     67 |    238 |    691 |   2 |  622.5 |
       Dungeon |   1245 |   1178 |     67 |    238 |    691 |   2 |  622.5 |
               +--------+--------+--------+--------+--------+-----+--------+

Top non-repeatable levels by time:
     D:1: 1222 daAuts
     D:2: 23 daAuts
